Map: Crête de Lerilak

Players

Wizzle

  • Race: Zerg Zerg
  • League: Diamond

Worming - Winner!

  • Race: Zerg Zerg
  • League: Diamond

VOD

Have the link to the VOD?

Description

Time

  • Played on: Dec. 16, 2015, 10:59 a.m.
  • Length: 10:04
Show
View Real Time Build Order
Export as new Build Order

Wizzle Zerg 

Build Orders: Hatch First 

Get SALT Encoding   

  12  0:01  Drone  
  13  0:12  Overlord  
  13  0:17  Drone  
  14  0:26  Drone, Extractor  
  15  0:31  Drone  
  16  0:36  Drone  
  17  0:53  Hatchery  
  17  0:55  Drone  
  17  1:00  Extractor  
  16  1:11  Spawning Pool  
  16  1:14  Drone  
  16  1:18  Drone  
  17  1:21  Drone  
  18  1:28  Drone  
  19  1:42  Overlord  
  19  1:49  Drone  
  20  1:58  Queen  
  20  1:59  Metabolic Boost  
  22  2:04  Drone  
  22  2:06  Queen  
  25  2:12  Zergling x2  
  25  2:13  Zergling x2  
  27  2:24  Baneling Nest  
  27  2:26  Spine Crawler  
  25  2:47  Drone x4  
  29  3:12  Hatchery  
  29  3:15  Drone x3  
  30  3:22  Zergling x4  
  30  3:25  Drone x4  
  36  3:33  Lair  
  36  3:42  Overlord  
  36  3:49  Extractor  
  36  3:54  Baneling  
  35  4:03  Drone x3, Overlord x2  
  35  4:07  Extractor  
  37  4:10  Extractor  
  37  4:14  Drone x3  
  37  4:15  Drone x2  
  37  4:17  Drone  
  41  4:21  Baneling  
  41  4:26  Drone x3  
  44  4:34  Spire  
  44  4:35  Zergling x6  
  44  4:37  Zergling x2  
  47  4:41  Baneling x2  
  47  4:49  Queen  
  49  4:57  Drone  
  46  5:15  Zergling x14  
  50  5:29  Zergling x6  
  50  5:30  Zergling x6  
  54  5:43  Overlord x2  
  54  5:46  Zerg Flyer Weapons Level 1  
  54  5:57  Mutalisk x2  
  54  5:58  Mutalisk  
  60  6:08  Evolution Chamber  
  59  6:19  Spine Crawler  
  56  6:33  Mutalisk  
  56  6:34  Mutalisk x4  
  66  6:41  Mutalisk  
  55  6:54  Mutalisk  
  56  7:04  Mutalisk  
  55  7:11  Zergling x8  
  59  7:29  Hatchery  
  58  7:32  Drone x2  
  58  7:33  Drone  
  58  7:36  Zerg Missile Weapons Level 1  
  61  7:38  Drone  
  61  7:39  Drone x2  
  61  7:40  Roach Warren  
  63  7:50  Drone  
  63  7:51  Drone x3  
  67  7:52  Queen  
  55  8:30  Mutalisk  
  55  8:31  Mutalisk x5  
  57  8:45  Drone  
  57  8:46  Queen, Drone x2  
  60  8:53  Drone  
  60  8:54  Drone x2  
  63  9:06  Zergling x2  
  63  9:08  Drone x2  
  66  9:14  Evolution Chamber  
  65  9:24  Roach  
  65  9:25  Roach x7  
  65  9:27  Overlord x2  
Show
View Real Time Build Order
Export as new Build Order

Worming Zerg - Winner!

Build Orders: Hatch First 

Get SALT Encoding   

  12  0:03  Drone  
  13  0:12  Overlord  
  13  0:17  Drone  
  14  0:30  Drone x2  
  16  0:36  Drone  
  17  0:53  Hatchery  
  17  0:56  Drone  
  17  1:00  Drone  
  17  1:01  Extractor  
  17  1:15  Spawning Pool  
  17  1:17  Drone  
  17  1:21  Drone  
  18  1:29  Drone  
  19  1:43  Overlord  
  19  1:50  Drone  
  20  2:03  Queen, Drone  
  20  2:05  Queen  
  20  2:06  Zergling x2  
  26  2:14  Drone, Metabolic Boost  
  27  2:22  Baneling Nest  
  26  2:24  Drone  
  26  2:28  Drone  
  28  2:30  Drone  
  28  2:36  Overlord  
  29  2:44  Drone x2  
  31  2:59  Zergling x2  
  31  3:00  Drone x2  
  33  3:09  Zergling x2  
  34  3:20  Drone x4  
  34  3:26  Evolution Chamber  
  37  3:34  Drone x3, Extractor  
  37  3:35  Extractor  
  37  3:40  Hatchery  
  37  3:45  Overlord  
  37  3:47  Zergling x2  
  38  3:49  Overlord  
  38  3:56  Lair, Zerg Missile Weapons Level 1  
  38  4:02  Drone x5  
  43  4:10  Spine Crawler  
  43  4:15  Overlord  
  41  4:23  Roach Warren  
  40  4:29  Zergling x10  
  45  4:39  Baneling x5  
  45  4:40  Zergling x4  
  45  4:41  Zergling x2  
  45  4:43  Zergling x2  
  49  5:00  Queen  
  49  5:03  Glial Reconstitution  
  49  5:18  Roach x7  
  49  5:19  Roach  
  62  5:31  Roach x4  
  69  5:40  Baneling x7  
  69  5:41  Zergling x2  
  70  5:48  Zergling x6  
  73  6:03  Overlord x3  
  70  6:31  Spore Crawler  
  69  6:33  Spore Crawler, Drone x13  
  75  6:47  Spore Crawler  
  74  6:56  Zerg Missile Weapons Level 2  
  72  7:03  Hydralisk Den  
  72  7:05  Spore Crawler, Drone x4, Extractor  
  51  7:30  Spore Crawler, Pneumatized Carapace  
  51  7:32  Drone x3  
  51  7:36  Muscular Augments  
  53  7:41  Spore Crawler, Drone x7  
  53  7:42  Drone x7  
  66  7:45  Extractor  
  65  8:04  Hydralisk  
  65  8:05  Hydralisk x3  
  73  8:12  Roach x2  
  74  8:14  Overlord x2  
  71  8:28  Hydralisk  
  71  8:34  Hydralisk x4  
  79  8:43  Roach, Hydralisk x2  
  79  8:44  Roach x2  
  79  8:46  Drone  
  79  8:47  Overlord x2  
  90  8:50  Spore Crawler  
  89  9:00  Overlord x2  
  89  9:05  Queen  
  89  9:06  Roach, Hydralisk x3  
  89  9:07  Roach x3  
  89  9:09  Zergling x2  
  106  9:23  Hydralisk  
  106  9:24  Roach x3, Hydralisk x3  
  106  9:25  Roach  
  106  9:27  Queen  
  122  9:42  Overlord x2  
  122  9:47  Extractor  
  122  9:50  Infestation Pit  
Tags
 
Add a new tag
Caveats
  • Supply blocks, unpowered buildings, or Contaminate may cause inaccurate times.
  • Supply counts are checked every 10 seconds.